 Dungeon Crawl Stone Soup version 0.30.0-20-g3615ddf2f0 (webtiles) character file.

Game seed: 15529649874006098878

1061 qw the Chopper (level 8, -1/49 HPs)
             Began as a Gargoyle Fighter on May 29, 2023.
             Was an Initiate of Okawaru.
             Splashed by a jelly's acid (4 damage)
             ... on level 6 of the Dungeon.
             The game lasted 00:02:20 (4595 turns).

qw the Chopper (Gargoyle Fighter)                   Turns: 4595, Time: 00:02:21

Health: -1/49      AC: 14    Str: 22    XL:     8   Next: 27%
Magic:  8/8        EV:  8    Int:  9    God:    Okawaru [......]
Gold:   215        SH:  4    Dex:  9    Spells: 7/7 levels left

rFire   . . .        Y - +1 war axe (elec)
rCold   . . .        c - +0 buckler
rNeg    + . .        h - +0 chain mail
rPois   inf          (no helmet)
rElec   +            (no cloak)
rCorr   .            (no gloves)
SInv    .            (no boots)
Will    .....        (no amulet) Stlth
                     (no ring)
HPRegen 0.28/turn    (no ring)
MPRegen 0.11/turn

%: no passive effects
@: about to teleport
A: sickness immunity, AC +5, negative energy resistance 1, electricity
resistance, torment resistance 1, petrification resistance
a: Renounce Religion


You were on level 6 of the Dungeon.
You worshipped Okawaru.
Okawaru was noncommittal.
You visited 2 branches of the dungeon, and saw 7 of its levels.

You collected 215 gold pieces.


Innate Abilities, Weirdness & Mutations

You are immune to sickness and miasma.
Your stone body is resilient. (AC +5)
You are immune to poison.
You resist negative energy. (rN+)
You are resistant to electric shocks. (rElec)
You are resistant to unholy torment.
You are immune to petrification.


   Skills:
 - Level 5.3 Fighting
 + Level 7.6 Axes
 - Level 3.2 Armour
 - Level 2.0 Dodging
 - Level 3.2 Shields


You had 7 spell levels left.
You didn't know any spells.
Your spell library was empty.

Inventory:

Hand Weapons
 b - a +0 flail
 Y - a +1 war axe of electrocution (weapon)
Armour
 c - a +0 buckler (worn)
 h - a +0 chain mail (worn)
Scrolls
 f - a scroll of teleportation
 g - a scroll of identify
Potions
 a - 2 potions of lignification
 d - 2 potions of might
 e - a potion of cancellation
 i - a potion of heal wounds {unknown}
 j - a potion of curing
 k - a potion of resistance
 l - a potion of haste
 m - 2 potions of attraction {unknown}

Dungeon Overview and Level Annotations

Branches:
Dungeon (6/15)             Temple (1/1) D:5

Altars:
Ashenzari
Cheibriados
Fedhas
Gozag
Kikubaaqudgha
Makhleb
Nemelex Xobeh
Okawaru
Qazlal
Trog
Uskayaw
Xom
Yredelemnul
Zin
The Shining One


Message History

The gnoll hits you but does no damage.
The gnoll hits you from afar with a +2 spear of venom.
The gnoll closely misses you.
You barely miss the gnoll.
The gnoll is lightly wounded.
The gnoll hits you but does no damage. The gnoll barely misses you.
You hit the gnoll. Lightning courses through the gnoll!
You kill the gnoll!
Okawaru accepts your kill. The gnoll hits you but does no damage.
You block the adder's attack.
You slash the adder!
You kill the adder!
Okawaru accepts your kill.
The gnoll hits you from afar with a +2 spear of venom.
4590 ||| READING 3 scrolls of teleportation.
As you read the scroll of teleportation, it crumbles to dust.
You feel strangely unstable. The gnoll hits you but does no damage.
The gnoll hits you from afar with a +2 spear of venom!
You hit the gnoll. Lightning courses through the gnoll!
You kill the gnoll!
Okawaru accepts your kill. The gnoll hits you but does no damage.
You block the gnoll's attack. The gnoll closely misses you.
Items here: %% ( ))) [.
Enter note: You slash the gnoll!
The gnoll is almost dead.
Your surroundings suddenly seem different. 2 jellies and an ogre come into view.
Found an embroidered scarf.
The jelly quivers.
The jelly hits you but does no damage.
Enter note:
4594 ||| READING 2 scrolls of teleportation.
As you read the scroll of teleportation, it crumbles to dust.
You feel strangely unstable. The jelly closely misses you.
You hit the jelly.
Your hands burn!
You die...

##.. ##... ##...#
#..... ##.....
####### # #.......
##.....#....<.......
##.............#.....
#...@J..........#....
#...[O..........##...
#............... ####
#...........:...
#.....J.....
#...........
##..........
##.....#...


You could see an ogre and 2 jellies.

Vanquished Creatures
  A water moccasin (D:6)
  A black bear (D:5)
  An ogre (D:4)
  2 phantoms
  A scorpion (D:4)
  A howler monkey (D:5)
  A hound (D:6)
  A jelly (D:5)
  2 gnoll boudas
  2 sleepcaps
  An iguana (D:3)
  Natasha (D:4)
  2 orc wizards (D:5)
  8 gnolls
  5 adders
  A white imp (D:5)
  An ufetubus (D:4)
  3 worms (D:3)
  3 dart slugs
  13 orcs
  13 endoplasms
  2 giant cockroaches
  5 goblins
  7 hobgoblins
  7 jackals
  6 kobolds
  3 quokkas
  11 ball pythons
  7 bats
  2 frilled lizards
  3 rats
117 creatures vanquished.

Notes
Turn   | Place    | Note
-------+----------+-------------------------------------------
     0 | D:1      | qw the Gargoyle Fighter began the quest for the Orb.
     0 | D:1      | Reached XP level 1. HP: 14/14 MP: 1/1
     0 | D:1      | 0 ||| qw: Version: 0.2-a-101-gf424e7f
     0 | D:1      | 0 ||| qw: Game counter: 345
     0 | D:1      | 0 ||| qw: Always use a shield: true
     0 | D:1      | 0 ||| qw: God list: Okawaru
     0 | D:1      | 0 ||| qw: Allow faded altars: false
     0 | D:1      | 0 ||| qw: Do Orc after D:15 true
     0 | D:1      | 0 ||| qw: Do second Lair branch before Depths: true
     0 | D:1      | 0 ||| qw: Lair rune preference: random
     0 | D:1      | 0 ||| qw: Plans: Normal, Zot:1-4, Slime:5, God:TSO, Crypt,
                  | Tomb, Pan, Hells, Abyss, Win
     0 | D:1      | 0 ||| PLANNING D:1-11
    51 | D:1      | 51 ||| Stepping ~*~*~tactically~*~*~ (stealth).
    66 | D:1      | Reached skill level 2 in Axes
   143 | D:1      | 143 ||| Stepping ~*~*~tactically~*~*~ (stealth).
   151 | D:1      | Reached XP level 2. HP: 18/19 MP: 2/2
   321 | D:1      | Reached skill level 3 in Axes
   430 | D:1      | Reached XP level 3. HP: 23/23 MP: 3/3
   538 | D:1      | 538 ||| READING scroll labelled TUECUJ HOEDOJA.
   539 | D:1      | 539 ||| READING scroll labelled OPRYK LUNOEPIR.
   540 | D:1      | 540 ||| READING 2 scrolls labelled TYKARUCEDDE.
   541 | D:1      | 541 ||| READING scroll labelled AVVUSSA UTAKK.
   545 | D:1      | 545 ||| READING scroll labelled DIYKKURANG.
   546 | D:1      | 546 ||| READING scroll labelled MEMOINONO WAERCH.
  1291 | D:2      | 1291 ||| DROPPING +0 club.
  1292 | D:2      | 1292 ||| READING scroll labelled ANUS NOROFOMUSO.
  1293 | D:2      | 1293 ||| READING scroll labelled JOGGEH YHOEDGH.
  1294 | D:2      | 1294 ||| READING scroll labelled LAT IRALAU.
  1295 | D:2      | 1295 ||| READING scroll labelled WAALUU RUME.
  1311 | D:2      | 1311 ||| READING 3 scrolls of identify.
  1311 | D:2      | 1311 ||| IDENTIFYING glowing grey potion
  1312 | D:2      | 1312 ||| READING 2 scrolls of identify.
  1312 | D:2      | 1312 ||| IDENTIFYING amethyst potion
  1464 | D:3      | 1464 ||| Stepping ~*~*~tactically~*~*~ (hiding).
  1562 | D:3      | Found a faded altar of an unknown god.
  1730 | D:3      | Reached XP level 4. HP: 28/28 MP: 4/4
  1877 | D:3      | 1877 ||| Stepping ~*~*~tactically~*~*~ (hiding).
  1879 | D:3      | 1879 ||| Stepping ~*~*~tactically~*~*~ (hiding).
  1922 | D:3      | Reached skill level 4 in Axes
  2021 | D:3      | Reached XP level 5. HP: 27/32 MP: 5/5
  2087 | D:3      | 2087 ||| Stepping ~*~*~tactically~*~*~ (stealth).
  2088 | D:3      | 2088 ||| Stepping ~*~*~tactically~*~*~ (stealth).
  2089 | D:3      | 2089 ||| Stepping ~*~*~tactically~*~*~ (stealth).
  2213 | D:3      | 2213 ||| READING scroll of brand weapon.
  2213 | D:3      | 2213 ||| BRANDING +1 war axe of chaos.
  2279 | D:3      | 2279 ||| READING scroll labelled KOGGOM CAOCU.
  2280 | D:3      | 2280 ||| READING scroll labelled COUQOM KEFUH.
  2281 | D:3      | 2281 ||| DRINKING 2 bubbling coppery potions.
  2282 | D:3      | 2282 ||| READING 3 scrolls of identify.
  2282 | D:3      | 2282 ||| IDENTIFYING fizzy white potion
  2283 | D:3      | 2283 ||| READING 2 scrolls of identify.
  2283 | D:3      | 2283 ||| IDENTIFYING fuming cyan potion
  2284 | D:3      | 2284 ||| DROPPING potion of degeneration.
  2297 | D:4      | 2297 ||| Stepping ~*~*~tactically~*~*~ (stealth).
  2313 | D:4      | Reached skill level 5 in Axes
  2333 | D:4      | 2333 ||| Stepping ~*~*~tactically~*~*~ (hiding).
  2340 | D:4      | 2340 ||| STAIRDANCE
  2399 | D:4      | 2399 ||| FLEEEEING.
  2400 | D:4      | 2400 ||| STAIRDANCE
  2528 | D:4      | Reached XP level 6. HP: 38/38 MP: 6/6
  2621 | D:4      | Noticed Natasha
  2631 | D:4      | Killed Natasha
  2747 | D:4      | 2747 ||| Stepping ~*~*~tactically~*~*~ (stealth).
  2787 | D:4      | 2787 ||| Stepping ~*~*~tactically~*~*~ (hiding).
  2851 | D:4      | Found an ancient bone altar of Kikubaaqudgha.
  2864 | D:4      | 2864 ||| Stepping ~*~*~tactically~*~*~ (stealth).
  2875 | D:4      | Reached skill level 6 in Axes
  2901 | D:4      | Found an opulent altar of Gozag.
  3053 | D:4      | 3053 ||| UPGRADING to +0 chain mail.
  3063 | D:4      | 3063 ||| DROPPING +0 scale mail.
  3064 | D:4      | 3064 ||| READING 2 scrolls of identify.
  3064 | D:4      | 3064 ||| IDENTIFYING golden potion
  3080 | D:5      | Entered Level 5 of the Dungeon
  3092 | D:5      | 3092 ||| Stepping ~*~*~tactically~*~*~ (hiding).
  3094 | D:5      | 3094 ||| Stepping ~*~*~tactically~*~*~ (hiding).
  3100 | D:5      | 3100 ||| Stepping ~*~*~tactically~*~*~ (hiding).
  3101 | D:5      | 3101 ||| FLEEEEING.
  3109 | D:5      | Reached XP level 7. HP: 24/43 MP: 7/7
  3241 | D:5      | Reached skill level 7 in Axes
  3331 | D:5      | 3331 ||| DROPPING +0 whip.
  3343 | D:5      | Identified the +2 short sword "Jisamnotua" {drain, Drain
                  | rF+ rC+ Int+3}
  3464 | D:5      | Found a hide-covered altar of Uskayaw.
  3585 | D:5      | Found a glowing golden altar of the Shining One.
  3670 | D:5      | Found a basalt altar of Yredelemnul.
  3672 | D:5      | Noticed a profane servitor
  3905 | D:5      | Found a staircase to the Ecumenical Temple.
  3906 | D:5      | 3906 ||| PLANNING TEMPLE
  3906 | D:5      | 3906 ||| READING scroll labelled TAGHOSOAKY.
  3952 | Temple   | Entered the Ecumenical Temple
  3998 | Temple   | 3998 ||| PLANNING OKAWARU WORSHIP
  4009 | Temple   | Became a worshipper of Warmaster Okawaru
  4009 | Temple   | 4009 ||| PLANNING D:1-11
  4378 | D:5      | Noticed an angel
  4437 | D:6      | Reached XP level 8. HP: 33/49 MP: 8/8
  4462 | D:6      | 4462 ||| FLEEEEING.
  4464 | D:6      | 4464 ||| STAIRDANCE
  4589 | D:6      | HP: 9/49 [gnoll/+2 spear of venom[a gnoll bouda] (5)]
  4590 | D:6      | 4590 ||| READING 3 scrolls of teleportation.
  4590 | D:6      | HP: 2/49 [gnoll/+2 spear of venom[a gnoll bouda] (8)]
  4594 | D:6      | 4594 ||| READING 2 scrolls of teleportation.
  4595 | D:6      | Splashed by a jelly's acid

Levels and vault maps discovered:
D:1:      saegor_arrival_fortress, layout_basic, chequers_serial_rivers_small_a,
          hangedman_decor_lopped
D:2:      layout_basic
D:3:      minmay_bubble_buster, layout_loops_ring, shapermc_ecumenical_altar_gd
D:4:      layout_basic, grunt_gozag_statues, marbit_many_paths, uniq_natasha
D:5:      layout_basic, grunt_temple_overflow_holy_war,
          nicolae_uskayaw_murder_on_the_dancefloor,
          minmay_temple_entry_statues_pillars, serial_bayou_lagoon_a
D:6:      layout_rooms, lemuel_round_altar
Temple:   zaba_magenta_temple

Skill      XL: |  1  2  3  4  5  6  7 |
---------------+----------------------+-----
Axes           | 2 3 4 5 6 7 |  7.6
Fighting       | 4 5 |  5.3
Dodging        | 2 |  2.0
Armour         | |  3.2
Shields        | |  3.2

Action                     |  1- 3 |  4- 6 |  7- 9 || total
---------------------------+-------+-------+-------++-------
  Melee: War axe           |   117 |   156 |   101 ||   374
    Use: Scroll            |    12 |     6 |     3 ||    21
         Potion            |       |     1 |       ||     1
 Armour: Scale mail        |    51 |    67 |       ||   118
         Chain mail        |       |     3 |    66 ||    69
  Dodge: Dodged            |    57 |    73 |    35 ||   165
  Block: Buckler           |    13 |    31 |    24 ||    68

Table legend:
 A = Non-vault XP
 B = Vault XP
 C = Vault XP percentage of total XP
 D = Non-vault monster count
 E = Vault monster count
 F = Vault count percentage of total count
                 A         B        C        D         E       F
            +---------+---------+-------+---------+---------+-------
      Total |    1386 |     131 |   8.6 |      98 |      19 |  16.2
            +---------+---------+-------+---------+---------+-------
        D:1 |      36 |       0 |   0.0 |      22 |       0 |   0.0
        D:2 |      37 |       0 |   0.0 |      15 |       0 |   0.0
        D:3 |      68 |      56 |  45.2 |      11 |      17 |  60.7
        D:4 |     340 |      75 |  18.1 |      25 |       2 |   7.4
        D:5 |     513 |       0 |   0.0 |      18 |       0 |   0.0
        D:6 |     392 |       0 |   0.0 |       7 |       0 |   0.0
            +---------+---------+-------+---------+---------+-------
